 Dungeon Crawl Stone Soup version 0.31-a0-876-gfe8ebadbca (webtiles) character file.

Game seed: 15953418063737095808

749 BinkBink the Trooper (level 7, 0/66 HPs)
             Began as a Minotaur Hunter on Oct 14, 2023.
             Succumbed to a killer bee's poison
             ... on level 5 of the Dungeon.
             The game lasted 00:04:27 (2997 turns).

BinkBink the Trooper (Minotaur Hunter)              Turns: 2997, Time: 00:04:27

Health: 0/66       AC: 11    Str: 16    XL:     7   Next: 48%
Magic:  6/6        EV:  9    Int:  6    God:
Gold:   179        SH:  0    Dex: 15    Spells: 6/6 levels left

rFire   . . .        q - +2 dagger (vamp)
rCold   . . .        (no shield)
rNeg    . . .        t - +0 chain mail
rPois   .            (helmet restricted)
rElec   .            (no cloak)
rCorr   .            (no gloves)
SInv    .            r - +2 pair of boots
Will    .....        (no amulet) Stlth
                     m - ring of flight
HPRegen 0.31/turn    (no ring)
MPRegen 0.10/turn

%: no passive effects
@: lethally poisoned (0 -> -6), flying
A: horns 2, retaliatory headbutt
a: no special abilities


You were on level 5 of the Dungeon.
You visited 1 branch of the dungeon, and saw 5 of its levels.

You collected 179 gold pieces.

Inventory:

Hand Weapons
 a - a +0 shortbow
 q - a +2 vampiric dagger (weapon)
Armour
 r - a +2 pair of boots (worn)
 t - a +0 chain mail (worn)
Jewellery
 j - a ring of magical power
 m - a ring of flight (left hand)
Scrolls
 b - a scroll of butterflies
 c - a scroll of identify {unknown}
 h - 2 scrolls of immolation
 i - a scroll of vulnerability
Potions
 e - a potion of brilliance
 f - a potion of haste {unknown}
 g - a potion of heal wounds {unknown}
 n - a potion of invisibility {unknown}
 p - a potion of degeneration {unknown}
 s - a potion of enlightenment {unknown}


   Skills:
 + Level 7.2 Fighting
 + Level 1.1 Short Blades
 - Level 4.3 Ranged Weapons
 + Level 1.3 Armour
 + Level 6.6 Dodging
 - Level 0.7 Stealth


You had 6 spell levels left.
You didn't know any spells.
Your spell library was empty.

Dungeon Overview and Level Annotations

Branches:
Dungeon (5/15)
 Temple: D:4-7

Altars:


Innate Abilities, Weirdness & Mutations

You have a pair of horns on your head.
You reflexively headbutt those who attack you in melee.


Message History

The killer bee closely misses you.
Your Short Blades skill increases to level 1!
Your Armour skill increases to level 1!
You barely miss the killer bee. You headbutt the killer bee!
The killer bee is almost dead.
You feel very sick.
The killer bee stings you but does no damage. x2
You hit the killer bee.
The killer bee is almost dead.
You feel sick. The killer bee stings you.
You completely miss the killer bee.
The killer bee is almost dead.
You feel sick. The killer bee completely misses you. The killer bee stings you.
* * * LOW HITPOINT WARNING * * *
You are more poisoned.
The killer bee poisons you!
You hit the killer bee but do no damage.
Your headbutt misses the killer bee.
The killer bee is almost dead.
You feel very sick. The killer bee stings you!
* * * LOW HITPOINT WARNING * * *
The killer bee stings you but does no damage.
You miss the killer bee.
The killer bee is almost dead.
* * * LOW HITPOINT WARNING * * *
You feel sick.
The killer bee stings you but does no damage.
The killer bee stings you.
* * * LOW HITPOINT WARNING * * *
It was a potion of brilliance.
You feel clever all of a sudden.
* * * LOW HITPOINT WARNING * * *
You feel sick. The killer bee closely misses you.
The killer bee stings you but does no damage.
It was a potion of cancellation.
Your magical effects are unravelling.
You feel magically purged.
You feel a little less clever now.
You die...

.........##...###....####
####.....##...###.......#
#......#.............##
#......#.)...........#
#......+.............#
#......#.............#
#......#.............#
#......#.......).....#
#......#......@y.....##
#..#...########..)..).#
####...##..####....####
#....÷............#
#....÷.....<......#
#........<...)...<#
#........c........#
#.................#
#.................#


You could see a killer bee.

Vanquished Creatures
  A centaur (D:5)
  An ogre (D:5)
  3 scorpions (D:4)
  2 killer bees (D:5)
  A jelly (D:5)
  3 hounds
  2 iguanas
  8 adders
  2 dart slugs
  5 orcs (D:4)
  8 ball pythons
  8 endoplasms
  A giant cockroach (D:3)
  6 goblins
  3 hobgoblins
  2 jackals (D:2)
  3 quokkas
  6 bats
  2 frilled lizards
  10 kobolds
  4 rats
81 creatures vanquished.

Notes
Turn   | Place    | Note
-------+----------+-------------------------------------------
     0 | D:1      | BinkBink the Minotaur Hunter began the quest for the Orb.
     0 | D:1      | Reached XP level 1. HP: 18/18 MP: 0/0
    31 | D:1      | Reached XP level 2. HP: 25/25 MP: 1/1
    34 | D:1      | Reached skill level 3 in Fighting
    84 | D:1      | You fall into a shaft and drop 1 floor!
   128 | D:2      | Reached XP level 3. HP: 31/31 MP: 2/2
   701 | D:2      | Reached skill level 4 in Fighting
   710 | D:2      | Reached XP level 4. HP: 38/40 MP: 3/3
  1829 | D:4      | Reached XP level 5. HP: 45/47 MP: 4/4
  1971 | D:4      | Reached skill level 5 in Fighting
  1989 | D:4      | Reached skill level 5 in Dodging
  2088 | D:4      | Reached XP level 6. HP: 57/57 MP: 5/5
  2209 | D:4      | Reached skill level 6 in Fighting
  2609 | D:5      | Entered Level 5 of the Dungeon
  2636 | D:5      | Reached XP level 7. HP: 64/64 MP: 6/6
  2665 | D:5      | Reached skill level 7 in Fighting
  2991 | D:5      | Reached skill level 1 in Short Blades
  2991 | D:5      | Reached skill level 1 in Armour
  2996 | D:5      | HP: 2/66 [poisoned by a killer bee]
  2997 | D:5      | Succumbed to a killer bee's poison

Illustrated notes

Levels and vault maps discovered:
D:1:      minmay_arrival_four_circles, layout_rooms
D:2:      layout_loops_corners
D:3:      layout_basic
D:4:      layout_basic
D:5:      layout_gridville, serial_shops, shop

Skill      XL: |  1  2  3  4  5  6  7 |
---------------+----------------------+-----
Fighting       | 3 4 5 6 7 |  7.2
Dodging        | 3 4 5 6 |  6.6
Short Blades   | 1 |  1.1
Armour         | 1 |  1.3
Ranged Weapons | |  4.3
Stealth        | |  0.7

Action                     |  1- 3 |  4- 6 |  7- 9 || total
---------------------------+-------+-------+-------++-------
  Melee: Dagger            |       |       |    17 ||    17
         Headbutt          |       |       |     3 ||     3
   Fire: Shortbow          |    87 |   142 |    18 ||   247
    Use: Scroll            |       |       |     7 ||     7
         Potion            |       |       |     2 ||     2
 Armour: Leather armour    |    10 |    25 |    12 ||    47
         Chain mail        |       |       |    48 ||    48
  Dodge: Dodged            |    24 |    56 |    45 ||   125

Table legend: (Time is in decaauts)
 A = Elapsed time spent in this place.
 B = Non-inter-level travel time spent in this place.
 C = Inter-level travel time spent in this place.
 D = Time resting spent in this place.
 E = Time spent auto-exploring this place.
 F = Levels seen in this place.
 G = Mean time per level.
                   A        B        C        D        E       F      G
               +--------+--------+--------+--------+--------+-----+--------+
         Total |   3051 |   2816 |    235 |     41 |   2288 |   5 |  610.2 |
       Dungeon |   3051 |   2816 |    235 |     41 |   2288 |   5 |  610.2 |
               +--------+--------+--------+--------+--------+-----+--------+

Top non-repeatable levels by time:
     D:2: 1004 daAuts
     D:4: 911 daAuts
     D:3: 853 daAuts
     D:5: 190 daAuts
     D:1: 92 daAuts
